 Dungeon Sprint DCSS version 0.23.2-40-g277498a001 (webtiles) character file.

Game seed: 4932321306420320719

281 Cryoshakespeare the Destroyer (level 6, -7/36 HPs)
             Began as an Octopode Conjurer on Sept 23, 2019.
             Was an Initiate of Gozag.
             Mangled by a five-headed hydra (9 damage)
             ... in the Dungeon (Sprint IX: "|||||||||||||||||||||||||||||").
             The game lasted 00:03:17 (604 turns).

Cryoshakespeare the Destroyer (Octopode Conjurer)    Turns: 604, Time: 00:03:19

Health: -7/36      AC:  5    Str:  7    XL:     6   Next: 27%
Magic:  12/16      EV: 13    Int: 19    God:    Gozag
Gold:   522        SH:  0    Dex: 13    Spells: 16/19 levels left

rFire    . . .     SeeInvis .   m - staff of energy
rCold    . . .     Gourm    .   (no shield)
rNeg     . . .     Faith    .   (helmet restricted)
rPois    .         Spirit   .   (no amulet)
rElec    .         Reflect  .   i - +2 ring of protection
rCorr    .         Harm     .   n - +2 ring of protection
MR       .....     NoTele   +   (no ring)
Stlth    +++.......             (no ring)
HPRegen  0.12/turn              (no ring)
MPRegen  0.15/turn              (no ring)
                                (no ring)
                                (no ring)

@: gold aura
A: almost no armour, stealthy swim, amphibious, 8 rings, constrict 8, camouflage
1, gelatinous body 1
a: Potion Petition, Call Merchant, Bribe Branch, Renounce Religion


You were in the Dungeon.
You worshipped Gozag.
Gozag was pleased with you.
You were not hungry.

You visited 1 branch You collected 522 gold pieces.

Inventory:

Magical Staves
 m - an uncursed staff of energy (weapon)
Jewellery
 i - a +2 ring of protection (left tentacle)
 n - a +2 ring of protection (right tentacle)
Wands
 l - a wand of iceblast (10)
Scrolls
 h - 2 scrolls of blinking
 j - 3 scrolls of remove curse
 k - 2 scrolls of amnesia
Potions
 c - 5 potions of curing
 d - 3 potions of heal wounds
 e - a potion of haste
 f - 4 potions of magic
 g - a potion of invisibility
Comestibles
 b - a ration


   Skills:
 - Level 2.0 Dodging
 - Level 2.6 Stealth
 + Level 7.4 Spellcasting
 + Level 10.6 Conjurations


You had 16 spell levels left.
You knew the following spells:

 Your Spells              Type           Power        Failure   Level  Hunger
a - Magic Dart            Conj           ####         1%          1    None
b - Searing Ray           Conj           #####.       1%          2    None

Your spell library contained the following spells:

 Spells                   Type           Power        Failure   Level  Hunger
 Iskenderun's Mystic Bla  Conj           #####...     1%          4    None
 Dazzling Spray           Conj/Hex       ####..       3%          3    None
 Force Lance              Conj/Tloc      ####....     11%         4    None
 Fulminant Prism          Conj/Hex       ####......   11%         4    None


Dungeon Overview and Level Annotations

Branches:
Dungeon (1/1)

Altars:
Cheibriados
Dithmenos
Elyvilon
Fedhas
Gozag
Hepliaklqana
Kikubaaqudgha
Makhleb
Nemelex Xobeh
Okawaru
Qazlal
Ru
Sif Muna
Trog
Uskayaw
Vehumet
Wu Jian
Xom
Yredelemnul
Zin
The Shining One
Beogh
Jiyva
Lugonu


Innate Abilities, Weirdness & Mutations

You cannot wear most types of armour.
You are very stealthy in the water. (Stealth+)
You are amphibious.
You can wear up to eight rings at the same time.
You can use your tentacles to constrict eight enemies at once.
Your skin changes colour to match your surroundings (Stealth+).
Your rubbery body absorbs attacks. (AC +1, EV +1)


Message History

The adder skeleton is almost destroyed. (Press . to maintain the ray.)
The soldier ant twitches its antennae in your direction.
The brown ugly thing gurgles horribly!
The adder skeleton barely misses you.
The searing ray misses the adder skeleton.
The searing ray hits the five-headed hydra!
The five-headed hydra is lightly wounded.
The searing ray misses the five-headed hydra.
The searing ray hits the adder skeleton!
You destroy the adder skeleton!
The soldier ant becomes distracted by the nearby gold, dreaming of imaginary riches.
The five-headed hydra bites you! x2
The five-headed hydra barely misses you.
The five-headed hydra bites you!!
Ouch! That really hurt!
* * * LOW HITPOINT WARNING * * *
The five-headed hydra bites you!
You die...
Your body crumbles into a pile of gold. ▓▓▓▓▓▓▓▓▓▓▓▓▓▓▓▓▓▓▓▓▓▓▓▓ '..))[[[..).....@D$HaZu. ▓▓▓▓▓▓▓▓▓▓▓▓▓▓▓▓▓▓▓▓▓▓▓▓ $$ $$$$$ $ $ $ $$$$$

You could see a five-headed hydra, a brown ugly thing, a hippogriff, a soldier ant (unaware) and an adder zombie.

Vanquished Creatures
  A sky beast (D)
  An ogre (D)
  A crimson imp (D)
  An iguana (D)
  2 adders (D)
  A gnoll (D)
  An adder skeleton (D)
  A dart slug (D)
  An orc (D)
  2 goblins (D)
  A hobgoblin (D)
  2 jackals (D)
  A quokka (D)
  A frilled lizard (D)
17 creatures vanquished.

Vanquished Creatures (others)
  A spatial maelstrom (D)
1 creature vanquished.

Grand Total: 18 creatures vanquished

Notes
Turn   | Place    | Note
-------+----------+-------------------------------------------
     0 | D        | Cryoshakespeare the Octopode Conjurer began the quest for
                  | the Orb.
     0 | D        | Reached XP level 1. HP: 11/11 MP: 3/3
     1 | D        | Banished a spatial maelstrom
     9 | D        | Reached skill level 5 in Conjurations
    22 | D        | Reached XP level 2. HP: 16/17 MP: 1/5
    65 | D        | Learned a level 2 spell: Searing Ray
    74 | D        | Reached skill level 6 in Conjurations
    85 | D        | Reached skill level 7 in Conjurations
    85 | D        | Reached XP level 3. HP: 20/21 MP: 1/6
   137 | D        | Found a roughly hewn altar of Beogh.
   137 | D        | Found a snail-covered altar of Cheibriados.
   137 | D        | Found a shadowy altar of Dithmenos.
   137 | D        | Found a white marble altar of Elyvilon.
   137 | D        | Found a blossoming altar of Fedhas.
   137 | D        | Found an opulent altar of Gozag.
   138 | D        | Found a hazy altar of Hepliaklqana.
   139 | D        | Found a viscous altar of Jiyva.
   140 | D        | Found an ancient bone altar of Kikubaaqudgha.
   141 | D        | Found a corrupted altar of Lugonu.
   142 | D        | Found a burning altar of Makhleb.
   143 | D        | Found a sparkling altar of Nemelex Xobeh.
   144 | D        | Found an iron altar of Okawaru.
   145 | D        | Became a worshipper of Gozag Ym Sagoz the Greedy
   146 | D        | Found a stormy altar of Qazlal.
   147 | D        | Found a sacrificial altar of Ru.
   148 | D        | Found a deep blue altar of Sif Muna.
   149 | D        | Found a bloodstained altar of Trog.
   150 | D        | Found a hide-covered altar of Uskayaw.
   151 | D        | Found a radiant altar of Vehumet.
   152 | D        | Found an ornate altar of the Wu Jian Council.
   153 | D        | Found a shimmering altar of Xom.
   170 | D        | Found a basalt altar of Yredelemnul.
   171 | D        | Found a glowing silver altar of Zin.
   172 | D        | Found a glowing golden altar of the Shining One.
   201 | D        | Noticed an ogre
   201 | D        | Noticed a sky beast
   205 | D        | Killed an ogre
   205 | D        | Reached skill level 8 in Conjurations
   205 | D        | Reached XP level 4. HP: 27/27 MP: 2/10
   260 | D        | Reached skill level 5 in Spellcasting
   260 | D        | Reached skill level 9 in Conjurations
   260 | D        | Reached XP level 5. HP: 18/31 MP: 4/12
   397 | D        | Killed a sky beast
   397 | D        | Reached skill level 10 in Conjurations
   397 | D        | Reached XP level 6. HP: 21/36 MP: 5/16
   601 | D        | Noticed a five-headed hydra
   601 | D        | Noticed a hippogriff
   601 | D        | Noticed a soldier ant
   601 | D        | Noticed a brown ugly thing
   604 | D        | Mangled by a five-headed hydra

Skill      XL: |  1  2  3  4  5 |
---------------+----------------+-----
Conjurations   | 5 7 8 9 10 | 10.6
Spellcasting   | 4 5 7 |  7.4
Dodging        | |  2.0
Stealth        | |  2.6

Action                   |  1- 3 |  4- 6 || total
-------------------------+-------+-------++-------
Melee: Unarmed           |    16 |       ||    16
       Constrict         |     5 |       ||     5
       Tentacles         |     2 |       ||     2
       Dagger            |     3 |       ||     3
 Cast: Magic Dart        |     3 |     3 ||     6
       Searing Ray       |     2 |     5 ||     7
  Use: Potion            |     1 |       ||     1
Armor: Skin              |     2 |     2 ||     4
Dodge: Dodged            |     8 |     5 ||    13
